Map: NeoHumanity LE

Players

Nikis

  • Race: Protoss Protoss
  • League: Master
  • Spawn Location: 5:00

DrGraf - Winner!

  • Race: Zerg Zerg
  • League: Master
  • Spawn Location: 11:00

VOD

Have the link to the VOD?

Description

Time

  • Played on: April 16, 2023, 1:15 a.m.
  • Length: 4:00
Show
View Real Time Build Order
Export as new Build Order

Nikis Protoss 

Build Orders:  

Get SALT Encoding   

  12  0:00  Probe  
  13  0:13  Pylon  
  13  0:17  Probe  
  14  0:31  Gateway  
  14  0:35  Probe (Chrono Boost)  
  15  0:45  Probe (Chrono Boost)  
  16  0:52  Probe  
  16  0:56  Assimilator  
  17  1:05  Probe  
  18  1:12  Gateway  
  18  1:18  Cybernetics Core  
  18  1:20  Probe  
  19  1:27  Pylon  
  19  1:32  Probe  
  22  1:46  Probe  
  21  1:59  Adept x2 (Chrono Boost)  
  21  2:00  Probe  
  25  2:04  Assimilator  
  25  2:12  Probe  
  26  2:21  Adept x2 (Chrono Boost)  
  30  2:33  Probe, Pylon  
  31  2:53  Nexus  
  27  3:12  Stalker (Chrono Boost)  
  27  3:18  Shield Battery  
  27  3:19  Shield Battery  
  29  3:21  Shield Battery  
  29  3:22  Stalker (Chrono Boost)  
  29  3:25  Shield Battery  
  27  3:29  Pylon  
  27  3:35  Shield Battery  
  27  3:45  Pylon  
Show
View Real Time Build Order
Export as new Build Order

DrGraf Zerg - Winner!

Build Orders: Pool First 

Get SALT Encoding   

  12  0:00  Drone  
  13  0:13  Overlord  
  13  0:18  Drone  
  14  0:32  Drone x2  
  16  0:38  Extractor  
  16  0:42  Spawning Pool  
  14  0:46  Drone  
  15  0:51  Drone  
  16  0:57  Drone  
  17  1:23  Hatchery  
  16  1:29  Zergling x6  
  19  1:38  Metabolic Boost  
  19  1:52  Roach Warren  
  18  2:00  Queen  
  20  2:23  Overlord  
  20  2:29  Zergling x2  
  21  2:30  Zergling x2  
  22  2:47  Roach x4  
  30  3:00  Overlord  
  28  3:17  Zergling x6  
  28  3:18  Zergling x4  
  33  3:23  Zergling x2  
  34  3:32  Ravager  
  34  3:33  Ravager  
  36  3:37  Zergling x4  
  38  3:43  Ravager  
Tags
 
Matchup
ЗvП
Opening
Pool First
Spawn Locations
Cross Positions
Add a new tag
Caveats
  • Supply blocks, unpowered buildings, or Contaminate may cause inaccurate times.
  • Supply counts are checked every 10 seconds.